 Dungeon Crawl Stone Soup version 0.26-a0-612-gd4d190f45e (webtiles) character file.

Game seed: 2238497176756857926

207980 Hastur the Severer (level 19, -19/235 HPs)
             Began as a Human Berserker on Sept 10, 2020.
             Was a High Priest of Trog.
             Hit by a large rock thrown by a cyclops (20 damage)
             ... on level 1 of the Shoals.
             The game lasted 01:40:35 (52473 turns).

Hastur the Severer (Human Berserker)               Turns: 52473, Time: 01:40:36

Health: -19/235    AC: 29    Str: 26    XL:     19   Next: 48%
Magic:  19/19      EV: 10    Int:  8    God:    Trog [*****.]
Gold:   2701       SH:  0    Dex: 15    Spells: 18/18 levels left

rFire    . . .     SeeInvis +   a - +6 battleaxe (flame)
rCold    . . .     Faith    +   (shield currently unavailable)
rNeg     . . .     Spirit   .   f - +3 plate armour {MR+}
rPois    .         Reflect  .   J - +2 helmet {SInv}
rElec    .         Harm     .   U - +1 cloak {Stlth+}
rCorr    .                      N - +0 pair of gloves {Str+3}
MR       +++++                  G - +0 pair of boots
Stlth    ..........             j - amulet of faith {!P}
HPRegen  1.49/turn              D - +4 ring of slaying
MPRegen  0.16/turn              l - ring of protection from magic

@: berserking (expiring), lethally poisoned (-19 -> -19), regenerating, very
quick
A: no striking features
}: 1/15 runes: serpentine
a: Berserk, Trog's Hand, Brothers in Arms, Renounce Religion


You were on level 1 of the Shoals.
You worshipped Trog.
Trog was extremely pleased with you.
You visited 5 branches of the dungeon, and saw 28 of its levels.
You also visited: Gauntlet and Ice Cave.

You collected 3165 gold pieces.
You spent 464 gold pieces at shops.

Inventory:

Hand Weapons
 a - a +6 battleaxe of flaming (weapon)
   (Trog gifted it to you on level 11 of the Dungeon)
 b - a +6 antimagic battleaxe
   (Trog gifted it to you on level 13 of the Dungeon)
Missiles
 e - 290 bolts
 E - 30 javelins (quivered)
 I - 5 curare-tipped darts {!f}
Armour
 f - a +3 plate armour of magic resistance (worn)
   (You took it off an orc warlord on level 2 of the Orcish Mines)
 G - a +0 pair of boots (worn)
   (You found it on level 7 of the Dungeon)
 J - a +2 helmet of see invisible (worn)
   (You acquired it on level 2 of the Orcish Mines)
 N - a +0 pair of gloves of strength (worn)
   (You found it on level 1 of the Snake Pit)
 U - a +1 cloak of stealth (worn)
   (You bought it in a shop on level 2 of the Orcish Mines)
Jewellery
 i - an uncursed ring of protection from fire
   (You found it on level 5 of the Dungeon)
 j - an amulet of faith (around neck) {!P}
   (You found it on level 1 of the Dungeon)
 l - a ring of protection from magic (right hand)
   (You took it off an orc priest on level 5 of the Dungeon)
 m - the ring "Acvapeme" {rCorr Int+2}
   (You found it on level 3 of the Lair of Beasts)

   [ring of resist corrosion]

   It affects your intelligence (+2).
   It provides partial protection from all sources of acid and corrosion.
 o - an uncursed ring of protection from cold
   (You found it on level 6 of the Lair of Beasts)
 z - the ring "Qibrear" {rPois rN+ AC+4 Slay-3 SInv}
   (You found it in an ice cave)

   [ring of protection]

   It affects your AC (+4).
   It affects your accuracy and damage with ranged weapons and melee attacks
   (-3).
   It protects you from poison.
   It protects you from negative energy.
   It lets you see invisible.
 D - a +4 ring of slaying (left hand)
   (You found it on level 4 of the Dungeon)
 W - an uncursed ring of poison resistance
   (You found it on level 1 of the Lair of Beasts)
 Y - a +4 ring of evasion
   (You found it on level 3 of the Snake Pit)
Wands
 c - a wand of disintegration (28)
   (You found it on level 2 of the Lair of Beasts)
 d - a wand of iceblast (35)
   (You took it off an orc on level 10 of the Dungeon)
 t - a wand of flame (81)
   (You found it on level 5 of the Lair of Beasts)
 u - a wand of paralysis (8)
   (You found it on level 2 of the Lair of Beasts)
 v - a wand of digging (3)
   (You found it on level 4 of the Lair of Beasts)
 x - a wand of acid (19)
   (You found it on level 10 of the Dungeon)
 V - a wand of enslavement (30)
   (You found it on level 5 of the Lair of Beasts)
Scrolls
 h - 4 scrolls of fear
 k - 13 scrolls of remove curse {@r2}
 n - 6 scrolls of fog
 q - 2 scrolls of silence
 s - 3 scrolls of enchant armour
 w - 3 scrolls of magic mapping
 y - 6 scrolls of enchant weapon
 A - a scroll of brand weapon
 C - 7 scrolls of teleportation {@r4}
 F - a scroll of immolation {!r}
 K - 2 scrolls of identify {@r1}
Potions
 g - 7 potions of flight
 p - 2 potions of cancellation
 r - a potion of magic
 B - a potion of brilliance
 H - 2 potions of berserk rage
 L - 4 potions of invisibility
 M - 4 potions of lignification {!q}
 O - 4 potions of heal wounds {@q2}
 P - 2 potions of might
 Q - 3 potions of mutation {!q}
 S - 11 potions of curing {@q1}
 T - 3 potions of haste {@q3}
 X - 2 potions of ambrosia
 Z - a potion of resistance
Miscellaneous
 R - a condenser vane (2/2)
   (You found it in a Gauntlet)


   Skills:
 + Level 15.9 Fighting
 - Level 20.0 Axes
 - Level 15.0 Armour
 + Level 3.2 Dodging
 + Level 13.3 Evocations


You had 18 spell levels left.
You didn't know any spells.
Your spell library contained the following spells:

 Spells                   Type           Power        Failure   Level
 Animate Skeleton         Necr           #.....       96%         1
 Apportation              Tloc           #.....       96%         1
 Beastly Appendage        Tmut           #.....       96%         1
 Corona                   Hex            #......      96%         1
 Freeze                   Ice            #...         96%         1
 Sting                    Tmut/Pois      #...         96%         1
 Summon Small Mammal      Summ           #...         96%         1
 Ensorcelled Hibernation  Hex/Ice        #.....       99%         2
 Poisonous Vapours        Pois/Air       #.....       99%         2
 Slow                     Hex            #.......     99%         2
 Wereblood                Tmut           #.......     99%         2
 Confusing Touch          Hex            #.......     100%        3
 Dazzling Flash           Conj/Hex       #.....       100%        3
 Frozen Ramparts          Ice            #.....       100%        3
 Inner Flame              Hex/Fire       #.......     100%        3
 Lesser Beckoning         Tloc           #.........   100%        3
 Ozocubu's Armour         Ice            #.......     100%        3
 Portal Projectile        Hex/Tloc       #.....       100%        3
 Spider Form              Tmut/Pois      #.........   100%        3
 Tukima's Dance           Hex            #.......     100%        3
 Animate Dead             Necr           #.........   100%        4
 Cause Fear               Hex            #.........   100%        4
 Hailstorm                Conj/Ice       #.......     100%        4
 Ice Form                 Ice/Tmut       #.......     100%        4
 Leda's Liquefaction      Hex/Erth       #.........   100%        4
 Olgreb's Toxic Radiance  Pois           #.......     100%        4
 Summon Ice Beast         Ice/Summ       #.......     100%        4
 Alistair's Intoxication  Tmut/Pois      #........    100%        5
 Blade Hands              Tmut           #.........   100%        5
 Borgnjor's Vile Clutch   Necr/Erth      #.........   100%        5
 Silence                  Hex/Air        #.........   100%        5
 Yara's Violent Unravell  Hex/Tmut       #.........   100%        5
 Death Channel            Necr           #.........   100%        6
 Eringya's Noxious Bog    Tmut/Pois      #.........   100%        6
 Invisibility             Hex            #.......     100%        6
 Simulacrum               Ice/Necr       #.........   100%        6
 Statue Form              Tmut/Erth      #........    100%        6
 Haunt                    Necr/Summ      #.........   100%        7
 Borgnjor's Revivificati  Necr           #.........   100%        8
 Discord                  Hex            #.........   100%        8
 Disjunction              Tloc           #.........   100%        8
 Infestation              Necr           #.........   100%        8
 Necromutation            Tmut/Necr      #.........   100%        8
 Death's Door             Necr           #.........   100%        9


Dungeon Overview and Level Annotations

Branches:
Dungeon (15/15)            Temple (0/1) D:7            Lair (6/6) D:10
 Shoals (1/4) Lair:4        Snake (4/4) Lair:2        Slime (0/5) Lair:5
    Orc (2/2) D:9             Elf (0/3) Orc:2        Vaults (0/5) D:14
 Depths (0/5) D:15          IceCv (visited)         Gauntlet (visited)

Altars:
Ashenzari
Cheibriados
Gozag
Makhleb
Okawaru
Ru
Uskayaw
Yredelemnul
The Shining One
Beogh

Shops:
D:4 :   D:6 *   Orc:2 [(*=   Snake:2 *

Annotations:
D:5 2 transporters
D:8 2 transporters, fly's ghost, novice TrDe
D:13 2 transporters, Xysig's ghost, journeyman MiHu
Snake:2 2 transporters


Message History

You slice the merfolk aquamancer!! You burn the merfolk aquamancer.
You hit the plant. You burn the plant.
The plant is engulfed in a cloud of scalding steam.
You completely miss the merfolk aquamancer.
You slice the plant!! You burn the plant.
The plant is engulfed in a cloud of scalding steam.
The plant begins to die.
The plant is engulfed in a cloud of scalding steam.
The merfolk aquamancer is engulfed in a cloud of scalding steam.
The merfolk aquamancer gestures at you while chanting.
The torrent of water hits you but does no damage.
You shrug off the wave.
You are knocked back by the torrent of water.
The wave splashes down.
Splash!
You fall into the shallow water.
Moving in this stuff is going to be slow.
You hear a shout!
You hear a screech!
You hear a shout!
Unknown command.
You feel sick.
The plant is engulfed in a cloud of scalding steam.
The merfolk aquamancer points at you and mumbles some strange words.
The torrent of water hits you!
* * * LOW HITPOINT WARNING * * *
The wave splashes down.
Splash!
You fall into the shallow water.
Moving in this stuff is going to be slow.
You hear a screech!
You barely miss the merfolk aquamancer.
Unknown command.
A red film seems to cover your vision as you go berserk!
You feel yourself moving faster!
You feel mighty!
A nearby plant withers and dies. x2
The merfolk aquamancer mumbles some strange words.
The merfolk aquamancer blinks!
A merfolk siren comes into view. It is wielding a +0 spear.
The cyclops throws a large rock.
The large rock hits you!!
* * * LOW HITPOINT WARNING * * *
You enter the shallow water.
Moving in this stuff is going to be slow.
You feel a strong urge to attack something.
The merfolk aquamancer casts a spell at you.
The ball of steam hits you!!
* * * LOW HITPOINT WARNING * * *
* * * LOW HITPOINT WARNING * * *
You feel sick.
The merfolk siren hits you but does no damage.
The cyclops throws a large rock.
The large rock hits you!!
You die...

....≈≈..P≈≈≈≈P≈≈.#)))≈≈≈..###.
≈≈P≈≈≈≈≈≈≈≈P≈≈≈≈≈)≈≈≈≈≈≈.###.≈
≈≈≈P≈≈≈P≈≈≈≈≈≈≈≈≈≈≈≈≈≈≈..###.≈
≈≈≈≈≈≈≈≈≈≈≈PPP≈≈≈≈≈≈≈≈≈.....≈≈
P≈≈P≈.≈≈≈≈PP≈≈≈≈≈≈≈≈≈≈≈≈...≈≈≈
P≈≈≈≈≈≈=≈≈.≈(≈(≈≈≈≈≈≈≈≈≈...≈≈≈
≈≈PP≈≈≈≈).†.C(§.m≈≈≈≈≈≈≈....≈≈
≈≈≈≈≈≈≈≈)†##†##§≈≈≈≈≈≈≈≈.....≈
≈≈≈(≈≈≈≈≈..m.@≈§≈≈≈≈≈≈≈≈≈.....
≈≈≈≈≈≈≈≈≈..§§§§.≈≈≈≈≈≈≈≈≈≈.###
≈≈≈≈≈≈≈≈≈≈≈.§≈≈≈≈≈≈≈.≈≈P≈).# #
≈≈≈≈≈≈≈≈≈≈≈§§§≈≈≈≈PP≈≈≈≈≈≈.###
≈≈≈≈≈≈≈≈≈≈§≈≈≈≈≈≈≈≈≈P≈P≈≈≈....
≈≈≈≈≈≈≈≈≈≈≈≈≈.≈≈≈≈≈≈≈≈≈≈≈...≈
≈≈≈≈≈≈≈≈≈≈≈≈≈≈≈≈≈≈≈≈≈..≈≈≈≈≈≈
≈≈≈≈≈≈≈≈≈≈≈≈≈≈≈≈≈≈≈..≈≈≈≈≈≈≈≈
≈≈≈≈≈≈≈≈≈≈≈≈≈≈≈≈≈≈..≈.##..≈≈≈


You could see a merfolk aquamancer, a cyclops and a merfolk siren.

Vanquished Creatures
  Saint Roka (Snake:2)
  Rupert (D:12)
  Asterion (Snake:1)
  5 nagarajas (Snake:4)
  Roxanne (Snake:3)
  An orc warlord (Orc:2)
  An ironheart preserver (D:14)
  2 very ugly things (IceCv)
  A dire elephant (Lair:6)
  A minotaur (Gauntlet)
  Snorg (Lair:4)
  An ettin (Orc:2)
  A yaktaur captain (D:15)
  Josephine (D:12)
  Erolcha (D:12)
  3 hydras
  A rakshasa (D:13)
  A catoblepas (Lair:6)
  23 naga warriors
  9 anacondas
  4 merfolk aquamancers (Shoals:1)
  2 centaur warriors
  7 two-headed ogres
  An ogre mage (D:15)
  A deep troll shaman (Lair:6)
  Urug (D:12)
  6 death yaks (Lair:6)
  2 tengu warriors (D:14)
  3 shock serpents
  Sonja (Lair:4)
  30 naga sharpshooters
  A deep elf knight (D:14)
  4 sixfirhies (Gauntlet)
  4 salamander mystics
  4 skeletal warriors (D:14)
  3 unseen horrors (D:14)
  6 sea snakes
  11 naga ritualists
  An orc knight (Orc:2)
  11 mana vipers
  A necromancer (D:14)
  7 orc sorcerers
  8 manticores
  4 oklob plants
  8 ugly things
  19 salamanders
  5 cyclopes
  2 fauns (Shoals:1)
  47 black mambas
  2 merfolk sirens (Shoals:1)
  7 guardian serpents
  A smoke demon (Gauntlet)
  20 elephants
  5 ice statues (IceCv)
  22 naga magi
  2 water nymphs (Shoals:1)
  12 cane toads
  2 rime drakes (Lair:3)
  2 gargoyles
  2 anaconda simulacra (IceCv)
  A yaktaur (D:15)
  A freezing wraith (D:15)
  An efreet (D:14)
  2 merfolk (Shoals:1)
  2 polar bears
  A hornet (D:13)
  8 trolls
  A wind drake (Shoals:1)
  A tengu conjurer (D:14)
  6 slime creatures
  9 blink frogs
  7 hippogriffs
  6 dream sheep (Shoals:1)
  A centaur simulacrum (D:14)
  Sigmund (D:2)
  6 wraiths
  A dire elephant simulacrum (IceCv)
  A redback (D:14)
  7 water elementals (Shoals:1)
  2 shadows
  32 yaks
  3 wyverns
  6 basilisks
  5 vampire mosquitoes (D:14)
  3 swamp worms (Gauntlet)
  56 nagas
  3 wargs
  An acid dragon (D:12)
  4 iron troll simulacra (IceCv)
  6 water moccasins
  2 hydra simulacra (IceCv)
  15 porcupines
  19 orc warriors
  An eye of draining (D:12)
  8 ice beasts
  5 sky beasts
  3 black bears
  A phantom (D:9)
  2 necrophages
  8 ogres
  19 wolves
  5 centaurs
  15 crocodiles
  2 big kobolds
  A wyvern zombie (D:6)
  11 bullfrogs
  5 scorpions
  9 killer bees (D:10)
  8 wights
  A howler monkey (D:4)
  An electric eel (Snake:1)
  2 crimson imps (Gauntlet)
  2 bullfrog zombies (D:5)
  7 hounds
  A quasit (D:12)
  8 jellies
  4 centaur zombies
  2 bullfrog skeletons
  22 orc priests
  21 orc wizards
  3 centaur skeletons
  A gnoll shaman (D:8)
  3 iguanas
  12 worker ants
  A hound zombie (D:11)
  A worker ant zombie (D:5)
  A howler monkey skeleton (D:5)
  11 adders
  7 white imps
  2 ufetubi
  2 oozes
  An adder skeleton (D:4)
  A worm (D:2)
  A dart slug (D:2)
  3 leopard geckos
  99 orcs
  5 giant cockroaches
  6 hobgoblins
  8 jackals
  14 kobolds
  2 quokkas
  7 bats
  4 frilled lizards
  3 goblins
  A leopard gecko skeleton (D:4)
  2 quokka skeletons
  2 quokka zombies (D:6)
  5 rats
940 creatures vanquished.

Vanquished Creatures (collateral kills)
  Vashnia (Snake:4)
1 creature vanquished.

Vanquished Creatures (others)
  An orc warrior (Orc:2)
  70 fungi
  170 plants
241 creatures vanquished.

Grand Total: 1182 creatures vanquished

Notes
Turn   | Place    | Note
-------+----------+-------------------------------------------
     0 | D:1      | Hastur the Human Berserker began the quest for the Orb.
     0 | D:1      | Reached XP level 1. HP: 18/18 MP: 1/1
   171 | D:1      | Reached XP level 2. HP: 18/24 MP: 2/2
   940 | D:2      | Reached XP level 3. HP: 29/29 MP: 3/3
  1241 | D:2      | Reached ** piety under Trog
  1304 | D:2      | Reached XP level 4. HP: 30/35 MP: 4/4
  1324 | D:2      | Reached skill level 4 in Axes
  1466 | D:2      | Noticed Sigmund
  1476 | D:2      | Killed Sigmund
  1476 | D:2      | Reached skill level 5 in Axes
  1476 | D:2      | Reached XP level 5. HP: 12/42 MP: 5/5
  1476 | D:2      | Reached XP level 6. HP: 13/48 MP: 6/6
  1910 | D:3      | Found a glowing golden altar of the Shining One.
  2992 | D:4      | Reached XP level 7. HP: 33/55 MP: 7/7
  3465 | D:4      | Noticed a +3 hand axe
  3466 | D:4      | Noticed a +0 hand axe
  3468 | D:4      | Found a hide-covered altar of Uskayaw.
  3529 | D:4      | Found Xadaga's Book Emporium.
  3595 | D:4      | Found an opulent altar of Gozag.
  3599 | D:4      | Found a basalt altar of Yredelemnul.
  3614 | D:4      | Found a snail-covered altar of Cheibriados.
  3677 | D:5      | Entered Level 5 of the Dungeon
  3703 | D:5      | Reached skill level 6 in Axes
  4302 | D:5      | Found a transporter.
  4306 | D:5      | Noticed a fire bat
  4306 | D:5      | Noticed a fire bat
  4336 | D:5      | Reached skill level 5 in Fighting
  4521 | D:5      | Found a burning altar of Makhleb.
  4538 | D:5      | Reached XP level 8. HP: 61/62 MP: 8/8
  4894 | D:5      | Reached skill level 7 in Axes
  4943 | D:5      | Reached *** piety under Trog
  5586 | D:5      | Found a transporter.
  5651 | D:5      | Found an iron altar of Okawaru.
  5666 | D:5      | Reached skill level 5 in Armour
  6261 | D:6      | Got a fading ring mail
  6262 | D:6      | Identified the +5 ring mail "Lyth" {rC+ rCorr} (You found
                  | it on level 6 of the Dungeon)
  6320 | D:6      | Found Ciatzodu's Assorted Antiques.
  6805 | D:7      | Reached skill level 8 in Axes
  6805 | D:7      | Reached XP level 9. HP: 69/69 MP: 9/9
  6852 | D:7      | Found a staircase to the Ecumenical Temple.
  7594 | D:8      | Noticed a two-headed ogre
  7641 | D:8      | Killed a two-headed ogre
  7641 | D:8      | Reached skill level 9 in Axes
  7706 | D:8      | Reached **** piety under Trog
  7729 | D:8      | Noticed fly's ghost (novice TrDe)
  7756 | D:8      | Found a transporter.
  7923 | D:8      | Found a shattered altar of Ashenzari.
  8057 | D:8      | Reached XP level 10. HP: 79/79 MP: 10/10
  8325 | D:8      | Found a transporter.
  8564 | D:9      | Reached skill level 10 in Axes
  8776 | D:9      | Reached ***** piety under Trog
  9662 | D:9      | Found a staircase to the Orcish Mines.
  9796 | D:9      | Reached skill level 11 in Axes
 10027 | D:10     | Entered Level 10 of the Dungeon
 10347 | D:10     | Reached XP level 11. HP: 62/87 MP: 11/11
 11403 | D:10     | Found a staircase to the Lair.
 11665 | D:10     | Reached skill level 12 in Axes
 11886 | D:10     | Reached ****** piety under Trog
 12460 | D:11     | Received a gift from Trog
 13084 | Lair:1   | Entered Level 1 of the Lair of Beasts
 13503 | Lair:1   | Got an ancient robe
 13829 | Lair:1   | Noticed a five-headed hydra
 13837 | Lair:1   | Killed a one-headed hydra
 13837 | Lair:1   | Reached skill level 13 in Axes
 13837 | Lair:1   | Reached XP level 12. HP: 97/97 MP: 12/12
 14097 | Lair:2   | Found a staircase to the Snake Pit.
 14496 | Lair:2   | Got a fine scale mail
 14863 | Lair:2   | Reached skill level 10 in Fighting
 15108 | Lair:3   | Reached skill level 1 in Evocations
 15299 | Lair:3   | Identified the +4 scale mail of Hide-and-Seek {*Drain +Inv
                  | rC- Slay+4} (You found it on level 2 of the Lair of Beasts)
 15396 | Lair:3   | Noticed an eight-headed hydra
 15416 | Lair:3   | Killed a seven-headed hydra
 15783 | Lair:3   | Got a pitted chain mail
 15784 | Lair:3   | Identified the cursed +1 chain mail of Distant Worlds
                  | {rElec Str+3 Int+2} (You found it on level 3 of the Lair of
                  | Beasts)
 15798 | Lair:3   | Got a scorched glass ring
 16254 | Lair:3   | Reached skill level 10 in Armour
 16908 | Lair:4   | Found a staircase to the Shoals.
 16944 | Lair:4   | Noticed Snorg
 16966 | Lair:5   | HP: 4/98 [elephant (11)]
 16972 | Lair:5   | HP: 1/98 [elephant (4)]
 17425 | Lair:5   | Reached skill level 14 in Axes
 17573 | Lair:5   | Reached XP level 13. HP: 73/104 MP: 13/13
 18304 | Lair:5   | Noticed a seven-headed hydra
 18311 | Lair:5   | Killed a three-headed hydra
 18831 | Lair:5   | Identified the ring "Acvapeme" {rCorr Int+2} (You found it
                  | on level 3 of the Lair of Beasts)
 18899 | Lair:5   | Found a staircase to the Slime Pits.
 19161 | Lair:4   | Killed Snorg
 19161 | Lair:4   | Reached skill level 5 in Evocations
 19572 | Lair:4   | Reached skill level 15 in Axes
 19632 | Lair:4   | Received a gift from Trog
 19916 | Lair:4   | Noticed Sonja
 19923 | Lair:4   | Killed Sonja
 20751 | Lair:6   | Entered Level 6 of the Lair of Beasts
 20860 | Lair:6   | Found a hide-covered altar of Uskayaw.
 20911 | Lair:6   | Reached XP level 14. HP: 81/113 MP: 14/14
 21748 | Lair:6   | Received a gift from Trog
 21793 | Lair:6   | Got a scorched battleaxe {god gift}
 21882 | Lair:6   | HP: 5/171 [death yak (8)]
 22332 | Lair:6   | Noticed a dire elephant
 22351 | Lair:6   | Killed a dire elephant
 22351 | Lair:6   | Reached skill level 16 in Axes
 22526 | Lair:6   | Got a clouded granite ring
 22533 | Lair:6   | Got a twisted war axe
 23011 | D:12     | Noticed Josephine
 23047 | D:12     | Killed Josephine
 23368 | D:12     | Noticed Erolcha
 23376 | D:12     | Killed Erolcha
 23408 | D:12     | Noticed Rupert
 23431 | D:12     | Killed Rupert
 23574 | D:12     | Noticed Urug
 23595 | D:12     | Killed Urug
 23595 | D:12     | Reached XP level 15. HP: 82/121 MP: 15/15
 24711 | D:13     | Identified the ring of Yesterday {MP+9 Dex+3 Stlth-} (You
                  | found it on level 6 of the Lair of Beasts)
 25058 | D:13     | Found a transporter.
 25063 | D:13     | Found a transporter.
 25064 | D:13     | Noticed Xysig's ghost (journeyman MiHu)
 25065 | D:13     | Identified the cursed +1 great mace "Ybikiaqi" {antimagic,
                  | *Corrode +Rage Str+3 Dex+3}
 25065 | D:13     | Identified the +1 great mace "Omic" {vorpal, +Blink}
 25514 | D:13     | Found a transporter.
 25518 | D:13     | Found a transporter.
 25941 | D:13     | Received a gift from Trog
 26422 | D:14     | Found a snail-covered altar of Cheibriados.
 26638 | D:14     | Identified the cursed +1 shadow dragon scales of the Iron
                  | City of Dis {rElec Int+2 Stlth++++}
 26784 | D:14     | Identified the +3 battleaxe "Duzih" {vorpal, SInv} (Trog
                  | gifted it to you on level 6 of the Lair of Beasts)
 27333 | D:14     | Noticed an ironheart preserver
 27343 | D:14     | Killed an ironheart preserver
 27343 | D:14     | Reached skill level 17 in Axes
 28403 | D:14     | Found a gate to the Vaults.
 28433 | D:14     | Found a sacrificial altar of Ru.
 28841 | D:15     | Entered Level 15 of the Dungeon
 29258 | D:15     | Found a gate leading to a gauntlet.
 29276 | Gauntlet | Entered a Gauntlet
 29276 | Gauntlet | Found a transporter.
 29276 | Gauntlet | Found a transporter.
 29383 | Gauntlet | Found a transporter.
 29384 | Gauntlet | Found a transporter.
 29384 | Gauntlet | Found a transporter.
 29410 | Gauntlet | Found a transporter.
 29414 | Gauntlet | Found a transporter.
 29420 | Gauntlet | Found a runed translucent gate.
 29422 | Gauntlet | Found a transporter.
 29423 | Gauntlet | Found a runed translucent gate.
 29424 | Gauntlet | Found a runed translucent gate.
 29438 | Gauntlet | Found a transporter.
 29456 | Gauntlet | Found a transporter.
 29456 | Gauntlet | Found a transporter.
 29470 | Gauntlet | Found a transporter.
 29534 | Gauntlet | Identified a scroll of acquirement
 29915 | Gauntlet | Reached XP level 16. HP: 130/130 MP: 16/16
 29998 | Gauntlet | Identified the Grimoire of Orientation and Poison
 30425 | D:15     | Found a staircase to the Depths.
 31191 | Orc:1    | Entered Level 1 of the Orcish Mines
 31312 | Orc:1    | Found a roughly hewn altar of Beogh.
 31567 | Orc:2    | Entered Level 2 of the Orcish Mines
 31616 | Orc:2    | Found a staircase to the Elven Halls.
 32022 | Orc:2    | Found a roughly hewn altar of Beogh.
 32023 | Orc:2    | Found Vil Hent's Assorted Antiques.
 32085 | Orc:2    | Received a gift from Trog
 32191 | Orc:2    | Found a roughly hewn altar of Beogh.
 32713 | Orc:2    | Found a roughly hewn altar of Beogh.
 32805 | Orc:2    | Found a roughly hewn altar of Beogh.
 32814 | Orc:2    | Found Perraf's Jewellery Emporium.
 33161 | Orc:2    | Found Iparit's Antique Weapon Boutique.
 33167 | Orc:2    | Found a roughly hewn altar of Beogh.
 33168 | Orc:2    | Found Enokk's Antique Armour Shop.
 33181 | Orc:2    | Bought a runed cloak for 232 gold pieces
 33204 | Orc:2    | Bought a glowing cloak for 232 gold pieces
 33232 | Orc:2    | Acquired a +2 helmet of see invisible
 33606 | Snake:1  | Entered Level 1 of the Snake Pit
 33612 | Snake:1  | You fall into a shaft and drop 1 floor!
 33640 | Snake:2  | Reached skill level 18 in Axes
 34036 | Snake:1  | Received a gift from Trog
 34042 | Snake:1  | Reached skill level 10 in Evocations
 35973 | Snake:2  | Reached XP level 17. HP: 133/138 MP: 17/17
 36190 | Snake:2  | Found a transporter.
 36242 | Snake:2  | Found a transporter.
 36248 | Snake:2  | Received a gift from Trog
 36257 | Snake:2  | Noticed Saint Roka
 36275 | Snake:2  | Killed Saint Roka
 36695 | Snake:2  | Noticed Asterion
 36932 | Snake:1  | Noticed an Executioner
 36938 | Snake:1  | Noticed an Executioner
 36939 | Snake:1  | Killed Asterion
 37639 | Snake:2  | Found Fanux's Assorted Antiques.
 38111 | Snake:3  | Found a frozen archway.
 38117 | IceCv    | Entered an ice cave
 38997 | IceCv    | Received a gift from Trog
 39180 | IceCv    | Identified the ring "Qibrear" {rPois rN+ AC+4 Slay-3 SInv}
                  | (You found it in an ice cave)
 39596 | Snake:3  | Reached skill level 19 in Axes
 41436 | Snake:3  | Reached XP level 18. HP: 73/147 MP: 18/18
 41858 | Snake:3  | Identified Roxanne's Catalogue of Transmigration
 41858 | Snake:3  | Noticed Roxanne
 41879 | Snake:3  | Killed Roxanne
 42367 | Snake:4  | Entered Level 4 of the Snake Pit
 43519 | Snake:4  | Received a gift from Trog
 44353 | Snake:4  | Noticed Vashnia
 46468 | Snake:4  | Received a gift from Trog
 47109 | Snake:4  | Reached skill level 15 in Fighting
 47259 | Snake:4  | Reached skill level 20 in Axes
 47774 | Snake:4  | Reached skill level 15 in Armour
 47786 | Snake:4  | Received a gift from Trog
 48273 | Snake:4  | Reached XP level 19. HP: 140/155 MP: 19/19
 49699 | Snake:4  | Got a serpentine rune of Zot
 50708 | Snake:4  | Killed Vashnia
 51599 | Shoals:1 | Entered Level 1 of the Shoals
 51977 | Shoals:1 | Received a gift from Trog
 52472 | Shoals:1 | HP: 1/235 [merfolk aquamancer/ball of steam (18)]
 52473 | Shoals:1 | Hit by a large rock thrown by a cyclops

Illustrated notes

Levels and vault maps discovered:
D:1:      psy_arrival_fountain, layout_loops_ring
D:2:      layout_basic, kennysheep_generic_room_14, uniq_sigmund
D:3:      layout_loops_ring, minmay_misc_feat_hallway, tso_metal_star
D:4:      layout_basic, dancing_weapons_uskayaw,
          minmay_overflow_temple_star_quad, serial_shops,
          nicolae_shop_window_shopping
D:5:      gammafunk_cloud_chamber, layout_basic, okawaru_trees_1,
          bloody_makhleb, bh_walls_and_bars
D:6:      layout_loops_cross, serial_shops, nicolae_shop_trees
D:7:      layout_cave_pods, minmay_temple_entry_hall
D:8:      kennysheep_spiral_hall, layout_basic, gammafunk_ghost_stat_death,
          cheibrodos_ashenzari_chains
D:9:      layout_roguey, hiddenorc1_lemuel, minivault_26,
          chequers_serial_rivers_room_b
D:10:     layout_long_grid, minmay_lair_entry_grove
D:11:     layout_roguey, nrook_loot_triangle
D:12:     layout_layer_cave, st_stairs_6, uniq_josephine, uniq_erolcha,
          uniq_urug, uniq_rupert
D:13:     layout_roguey, gammafunk_ghost_smash, grunt_tough_drop
D:14:     minmay_triangles_in_corner, layout_loops_ring,
          skrybe_vaults_entry_preservation, cheibriados_altar_1,
          lemuel_oklob_altar
D:15:     grunt_enter_depths_snipers, layout_cave_pools, gauntlet_entry_generic,
          minmay_misc_feat_more_columns
Lair:1:   layout_regular_city
Lair:2:   layout_roguey, minmay_snake_entry_guardpost_small
Lair:3:   layout_cave_pods, serial_bayou_crossing, grunt_megastairs_5,
          lemuel_fruit_fields, minmay_lair_oklob_chamber
Lair:4:   layout_regular_city, minmay_shoals_entry_beasts, serial_rivers,
          chequers_serial_rivers_micro_e, chequers_serial_rivers_micro_e,
          chequers_serial_rivers_marsh, chequers_serial_rivers_micro_a,
          chequers_serial_rivers_micro_d, serial_bayou_pond_a,
          bh_autumn_forest_stairs, uniq_snorg, uniq_sonja
Lair:5:   cheibrodos_lair_river_kwai, layout_small_grid,
          dpeg_slime_entry_corner, infiniplex_staircase_pool
Lair:6:   grunt_lair_end_beastmaster, layout_gridlike, basic_altar
Shoals:1: layout_shoals, serial_shops, shop, nicolae_shoals_water_shrine
Snake:1:  layout_misc_corridors, serial_bayou_lagoon_a,
          hangedman_snake_corridor_split
Snake:2:  gammafunk_its_a_trap, layout_basic, serial_shops, shop, uniq_asterion,
          uniq_saint_roka
Snake:3:  layout_cave_town, portal_ice_cave_entry_pillars_three, uniq_roxanne
Snake:4:  snake_pit, layout_chambers, serial_bayou_shore_b,
          serial_bayou_shore_a, uniq_vashnia
Orc:1:    layout_diamond_mine, basic_altar
Orc:2:    grunt_orc_community_town_hall, layout_diamond_mine,
          grunt_orc_community_big_house_2, grunt_orc_community_big_house_1,
          grunt_orc_community_house_1, grunt_orc_community_house_1,
          grunt_orc_community_house_2, grunt_orc_community_house_1,
          grunt_orc_community_house_1, nicolae_orc_rich_vein

Skill      XL: |  1  2  3  4  5  6  7  8  9 10 11 12 13 14 15 16 17 18 19 |
---------------+----------------------------------------------------------+-----
Axes           | 5 6 8 9 11 13 14 15 16 17 18 19 20 | 20.0
Fighting       | 4 5 6 7 8 9 10 11 12 13 14 15 | 15.9
Armour         | 3 4 5 6 8 9 10 11 12 13 14 15 | 15.0
Evocations     | 3 6 7 9 10 11 12 13 | 13.3
Dodging        | 3 |  3.2

Action                   |  1- 3 |  4- 6 |  7- 9 | 10-12 | 13-15 | 16-18 | 19-21 || total
-------------------------+-------+-------+-------+-------+-------+-------+-------++-------
Melee: Hand axe          |    89 |   113 |   215 |       |       |       |       ||   417
       War axe           |       |       |   154 |   390 |       |       |       ||   544
       Battleaxe         |       |       |       |   163 |   615 |  1081 |   191 ||  2050
Throw: Javelin           |       |       |       |     1 |       |       |       ||     1
Invok: Berserk           |     2 |     4 |     5 |    10 |    15 |    19 |     5 ||    60
       Trog's Hand       |       |       |       |       |     2 |     3 |     2 ||     7
       Brothers in Arms  |       |       |       |       |       |       |     1 ||     1
Evoke: Wand              |       |       |       |     1 |     3 |     9 |     2 ||    15
  Use: Scroll            |       |       |    11 |    23 |    11 |     7 |     1 ||    53
       Potion            |       |       |       |     2 |       |     2 |     2 ||     6
 Stab: Paralysed         |       |       |       |     1 |     1 |       |       ||     2
       Distracted        |       |       |       |       |       |     1 |       ||     1
Armor: Ring mail         |    30 |    52 |   167 |   299 |   231 |       |       ||   779
       Chain mail        |       |       |     8 |       |       |    69 |       ||    77
       Plate armour      |       |       |       |       |    90 |   587 |   118 ||   795
Dodge: Dodged            |    74 |    78 |   198 |   304 |   267 |   335 |    43 ||  1299

Table legend: (Time is in decaauts)
 A = Elapsed time spent in this place.
 B = Non-inter-level travel time spent in this place.
 C = Inter-level travel time spent in this place.
 D = Time resting spent in this place.
 E = Time spent auto-exploring this place.
 F = Levels seen in this place.
 G = Mean time per level.
                   A        B        C        D        E       F      G
               +--------+--------+--------+--------+--------+-----+--------+
         Total |  52717 |  51091 |   1626 |  21912 |  21904 |  30 | 1757.2 |
       Dungeon |  21042 |  20210 |    832 |   6979 |  10219 |  15 | 1402.8 |
          Lair |   9852 |   9318 |    534 |   3304 |   4946 |   6 | 1642.0 |
        Shoals |    866 |    866 |      0 |    628 |     61 |   1 |  866.0 |
     Snake Pit |  16773 |  16651 |    122 |   9581 |   5040 |   4 | 4193.2 |
  Orcish Mines |   2339 |   2202 |    137 |    240 |   1533 |   2 | 1169.5 |
      Ice Cave |   1108 |   1108 |      0 |    818 |      0 |   1 | 1108.0 |
      Gauntlet |    734 |    734 |      0 |    358 |    103 |   1 |  734.0 |
               +--------+--------+--------+--------+--------+-----+--------+

Top non-repeatable levels by time:
 Snake:4: 6429 daAuts
 Snake:3: 5677 daAuts
 Snake:1: 3180 daAuts
    D:14: 2888 daAuts
  Lair:5: 2374 daAuts
  Lair:3: 2343 daAuts
     D:5: 2095 daAuts
    D:10: 1973 daAuts
    D:13: 1922 daAuts
  Lair:6: 1855 daAuts
   Orc:2: 1829 daAuts
    D:12: 1677 daAuts
     D:9: 1486 daAuts
 Snake:2: 1485 daAuts
     D:4: 1362 daAuts
